 Dungeon Crawl Stone Soup version 0.22-a0-161-g198051c (webtiles) character file.

507 Gorglomux the Skirmisher (level 6, -4/57 HPs)
             Began as a Minotaur Chaos Knight on Feb 11, 2018.
             Succumbed to a green draconian's poison gas
             ... on level 1 of the Abyss.
             The game lasted 00:04:56 (3558 turns).

Gorglomux the Skirmisher (Minotaur Chaos Knight)    Turns: 3558, Time: 00:04:56

Health: -4/57      AC: 12    Str: 18    XL:     6   Next: 97%
Magic:  5/5        EV:  6    Int:  9    God:    Xom [*.....]
Gold:   232        SH:  0    Dex: 10    Spells: 5/5 levels left

rFire    . . .     SeeInvis .   p - +0 war axe
rCold    . . .     Gourm    .   (no shield)
rNeg     . . .     Faith    .   W - +0 plate armour
rPois    .         Spirit   .   (helmet restricted)
rElec    .         Reflect  .   (no cloak)
rCorr    .         Harm     .   (no gloves)
MR       +....                  (no boots)
Stlth    ..........             (no amulet)
HPRegen  0.19/turn              m - ring of protection from magic
MPRegen  0.09/turn              (no ring)

@: lethally poisoned (-4 -> -66)
A: retaliatory headbutt, horns 2, blink, deterioration 1
a: Blink, Renounce Religion


You were on level 1 of the Abyss.
You worshipped Xom.
You were a special plaything of Xom.
You were not hungry.

You visited 2 branches of the dungeon, and saw 5 of its levels.
You visited the Abyss 1 time.

You collected 232 gold pieces.

Inventory:

Hand Weapons
 k - a +1 hand axe
 p - a +0 war axe (weapon)
Armour
 W - a +0 plate armour (worn)
Jewellery
 m - a ring of protection from magic (left hand)
Wands
 r - a wand of flame (25)
 A - a wand of acid (11)
Scrolls
 g - a scroll of remove curse
 h - a scroll of immolation {unknown}
 s - a scroll of amnesia {unknown}
 t - a scroll of identify {unknown}
 u - a scroll of random uselessness {unknown}
 T - 5 scrolls of teleportation
Potions
 U - a potion of might
Comestibles
 c - 4 rations
 X - 5 chunks of flesh


   Skills:
 + Level 5.7 Fighting
 + Level 5.7 Axes
 + Level 4.9 Armour
 + Level 4.0 Dodging


You had 5 spell levels left.
You didn't know any spells.

Dungeon Overview and Level Annotations

Branches:
Dungeon (4/15)             Temple (1/1) D:4

Altars:
Cheibriados
Elyvilon
Fedhas
Gozag
Hepliaklqana
Kikubaaqudgha
Makhleb
Nemelex Xobeh
Qazlal
Ru
Sif Muna
Trog
Wu Jian
Xom
Yredelemnul
Zin
The Shining One


Innate Abilities, Weirdness & Mutations

You reflexively headbutt those who attack you in melee.
You have a pair of horns on your head.
You can translocate small distances at will.
Your body sometimes deteriorates upon taking damage.


Message History

It butts a potion of mutation!
You feel extremely strange!
You feel less repulsive!
You feel butt wasting away!
You feel jittery!
You feel sick!
Butt feel sick!
The green draconian breathes poison at you!
You are butt in poison gas!
You are more poisoned! * * * don't die * * * x2
You feel very sick!
You are engulfed in poison gas!
You are more poisoned! * * * don't die * * *; * * * don'butt die
* * * You feel very sick!
Xom smirks!
You detect creatures!!!
You are engulfed in poison gas!
You are more poisoned! * * * don't die * * * rip Xom butts!!!

. ..
####........
. ..#
#.d##.#..
.... #.....#
# #.###....
##.# .. #§#
#§### #§§§#
#@#§# #§##§§
§.. ....
..... ....
....... ...
.####.#....#
## #.#.# .
##


You could see a green draconian.

Vanquished Creatures
  A water moccasin (D:2)
  A howler monkey (D:4)
  A hound (D:4)
  2 orc wizards
  An orc priest (D:4)
  A centaur skeleton (D:3)
  An iguana (D:4)
  A worker ant (D:3)
  The ghost of p0werm0de the Slasher, a weakling OpGl (D:3)
  7 adders
  An adder skeleton (D:4)
  A worm (D:2)
  3 dart slugs
  2 leopard geckos (D:4)
  10 orcs
  A ball python (D:4)
  6 giant cockroaches
  5 hobgoblins
  7 jackals
  A kobold (D:2)
  A quokka (D:3)
  7 bats
  3 frilled lizards
  7 goblins
  A jackal skeleton (D:4)
  7 rats
80 creatures vanquished.

Notes
Turn   | Place    | Note
-------+----------+-------------------------------------------
     0 | D:1      | Gorglomux the Minotaur Chaos Knight began the quest for the Orb.
     0 | D:1      | Reached XP level 1. HP: 19/19 MP: 0/0
     1 | D:1      | XOM: silly message
   122 | D:1      | XOM: divination: magic mapping
   140 | D:1      | Reached XP level 2. HP: 25/27 MP: 1/1
   302 | D:1      | XOM: god gift: scroll labeled UQAGAO PESAETT {god gift}
   463 | D:1      | XOM: severe Tmut miscast
   607 | D:2      | XOM: stealth player
   626 | D:2      | Reached skill level 3 in Armour
   626 | D:2      | Reached XP level 3. HP: 14/33 MP: 2/2
   627 | D:2      | XOM: medium Ice miscast
   899 | D:2      | XOM: give mutation
   899 | D:2      | Gained mutation: You are surrounded by a mild repulsion field. (EV +2) [Xom's mischief]
  1222 | D:2      | Noticed an ogre
  1222 | D:2      | a worm changed into an ogre
  1222 | D:2      | XOM: polymorph worm -> ogre
  1237 | D:2      | XOM: blink monster(s)
  1238 | D:2      | Noticed a water moccasin
  1238 | D:2      | an ogre changed into a water moccasin
  1238 | D:2      | XOM: polymorph ogre -> water moccasin
  1247 | D:2      | XOM: swap monsters
  1248 | D:2      | Killed a water moccasin
  1248 | D:2      | Reached XP level 4. HP: 41/41 MP: 3/3
  1248 | D:2      | Reached XP level 5. HP: 47/47 MP: 4/4
  1288 | D:2      | Found an opulent altar of Gozag.
  1405 | D:2      | XOM: mild Hex miscast
  1629 | D:3      | XOM: harmless Erth miscast
  1631 | D:3      | Reached skill level 3 in Dodging
  2004 | D:3      | Found a bloodstained altar of Trog.
  2025 | D:3      | Reached XP level 6. HP: 56/56 MP: 5/5
  2032 | D:3      | XOM: mild Erth miscast
  2054 | D:3      | XOM: harmless Necr miscast
  2081 | D:3      | XOM: noise
  2217 | D:3      | Noticed p0werm0de's ghost (weakling OpGl)
  2231 | D:3      | Killed p0werm0de's ghost
  2249 | D:3      | XOM: noise
  3036 | D:4      | Found a blossoming altar of Fedhas.
  3144 | D:4      | Found a staircase to the Ecumenical Temple.
  3174 | Temple   | Entered the Ecumenical Temple
  3316 | D:4      | XOM: enchant monster (bad)
  3316 | D:4      | XOM: smoke on damage
  3494 | D:4      | XOM: harmless Air miscast
  3535 | D:4      | XOM: medium Tloc miscast
  3535 | D:4      | Cast into level 1 of the Abyss (the capriciousness of Xom)
  3544 | Abyss:1  | Noticed a green draconian
  3554 | Abyss:1  | Lost mutation: You are surrounded by a mild repulsion field. (EV +2) [potion of mutation]
  3554 | Abyss:1  | Gained mutation: Your body sometimes deteriorates upon taking damage. [potion of mutation]
  3554 | Abyss:1  | Gained mutation: You can translocate small distances at will. [potion of mutation]
  3557 | Abyss:1  | XOM: divination: detect creatures
  3558 | Abyss:1  | HP: 1/57 [green draconian] (7)]
  3558 | Abyss:1  | Succumbed to a green draconian's poison gas

Vault maps used:
D:1:      onia_arrival_mini_spirals
D:2:      cheibrodos_helix_gallery, overflow_temple_1_default, first_ration
D:3:      lemuel_round_altar, minmay_unequal
D:4:      lemuel_doored_altar, minmay_temple_entry_grid
Temple:   zaba_magenta_temple

Skill      XL: |  1  2  3  4  5  6 |
---------------+-------------------+-----
Fighting       | 4 5 |  5.7
Axes           | 4 5 |  5.7
Armour         | 3 4 |  4.9
Dodging        | 2 3 4 |  4.0

Action                   |  1- 3 |  4- 6 || total
-------------------------+-------+-------++-------
Melee: Hand axe          |    74 |    31 ||   105
       Headbutt          |    16 |    21 ||    37
       War axe           |       |   121 ||   121
  Use: Scroll            |     1 |     2 ||     3
       Potion            |     3 |     3 ||     6
  Eat: Chunk             |     1 |     7 ||     8
Armor: Chain mail        |    37 |    79 ||   116
       Plate armour      |       |    22 ||    22
Dodge: Dodged            |    22 |    83 ||   105

Table legend:
 A = Spawn XP
 B = Non-spawn XP
 C = Spawn XP percentage of total XP
 D = Spawn monster count
 E = Non-spawn monster count
 F = Spawn count percentage of total count
 G = Total turns spent on level
                    A         B        C        D         E        F      G
               +---------+---------+-------+---------+---------+-------+---------
         Total |       0 |     725 |   0.0 |       0 |      80 |   0.0 |  3558
               +---------+---------+-------+---------+---------+-------+---------
           D:1 |       0 |      28 |   0.0 |       0 |      17 |   0.0 |   607
           D:2 |       0 |     206 |   0.0 |       0 |      13 |   0.0 |  1011
           D:3 |       0 |     217 |   0.0 |       0 |      32 |   0.0 |  1015
           D:4 |       0 |     274 |   0.0 |       0 |      18 |   0.0 |   825
               +---------+---------+-------+---------+---------+-------+---------
